 Dungeon Crawl Stone Soup version 0.32-a0-868-g153ae1a8d6 (webtiles) character file.

Game seed: 7042955175173305285

448 Griffin23 the Slasher (level 6, -2/56 HPs)
             Began as a Minotaur Fighter on Mar 28, 2024.
             Slain by a water moccasin (3 damage)
             ... on level 5 of the Dungeon.
             The game lasted 00:04:30 (3966 turns).

Griffin23 the Slasher (Minotaur Fighter)            Turns: 3966, Time: 00:04:31

Health: -2/56      AC: 13    Str: 23    XL:     6   Next: 73%
Magic:  5/5        EV:  7    Int:  5    God:
Gold:   208        SH:  4    Dex:  9    Spells: 5/5 levels left

rFire   . . .        a - +0 long sword
rCold   . . .        c - +0 buckler
rNeg    . . .        r - +0 chain mail
rPois   .            m - +2 hat
rElec   .            t - +0 cloak
rCorr   .            (no gloves)
SInv    .            (no boots)
Will    .....        (no amulet) Stlth
                     (no ring)
HPRegen 0.29/turn    (no ring)
MPRegen 0.09/turn

%: no passive effects
@: mighty, lethally poisoned (-2 -> -9), hasted, very quick
A: horns 2, retaliatory headbutt
a: no special abilities


You were on level 5 of the Dungeon.
You visited 1 branch of the dungeon, and saw 6 of its levels.

You collected 208 gold pieces.

Inventory:

Hand Weapons
 a - a +0 long sword (weapon)
Armour
 b - a +0 scale mail
 c - a +0 buckler (worn)
 m - a +2 hat (worn)
 r - a +0 chain mail (worn)
 t - a +0 cloak (worn)
Jewellery
 h - a ring of wizardry
 j - an amulet of magic regeneration
 x - a ring of magical power
 y - the ring "Qeeleobb" {Fire Str+4 Slay-3 Stlth+}
   (You found it on level 4 of the Dungeon)

   [ring of fire]

   Fire:      It enhances your fire magic.
   Str+4:     It affects your strength (+4).
   Slay-3:    It affects your accuracy & damage with ranged weapons and melee
   (-3).
   rF+:       It protects you from fire.
   rC-:       It makes you vulnerable to cold.
   Stlth+:    It makes you more stealthy.
 E - a ring of fire
Wands
 o - a wand of flame (40)
 C - a wand of paralysis (5)
 D - a wand of digging (6)
Scrolls
 e - a scroll of noise {unknown}
 f - 2 scrolls of enchant weapon {unknown}
 i - a scroll of amnesia {unknown}
 k - a scroll of revelation {unknown}
 n - a scroll of poison {unknown}
 p - 7 scrolls of identify {unknown}
 s - a scroll of immolation {unknown}
 u - 2 scrolls of enchant armour {unknown}
 w - a scroll of torment {unknown}
 F - a scroll of teleportation {unknown}
 G - a scroll of silence {unknown}
Potions
 d - a potion of might
 g - a potion of enlightenment {unknown}
 l - a potion of haste
 q - 2 potions of curing {unknown}
 v - a potion of mutation {unknown}
 z - a potion of lignification {unknown}
 A - 2 potions of brilliance {unknown}
 B - a potion of cancellation {unknown}


   Skills:
 + Level 5.3 Fighting
 * Level 5.7 Long Blades
 + Level 5.2 Armour
 + Level 5.2 Shields


You had 5 spell levels left.
You didn't know any spells.
Your spell library contained the following spells:

 Spells                   Type           Power      Damage    Failure   Level
 Magic Dart               Conj           0%         1d3       98%         1
 Sting                    Conj/Alch      0%         1d3       98%         1
 Mercury Vapours          Alch/Air       0%         N/A       99%         2
 Searing Ray              Conj           0%         2d4       99%         2
 Sublimation of Blood     Necr           0%         N/A       99%         2
 Brom's Barrelling Bould  Conj/Erth      0%         2d3       100%        4
 Flame Wave               Conj/Fire      0%         2d4       100%        4
 Fulminant Prism          Conj/Alch      0%         3d5       100%        4
 Petrify                  Alch/Erth      0%         N/A       100%        4
 Irradiate                Conj/Alch      0%         3d11      100%        5


Dungeon Overview and Level Annotations

Branches:
Dungeon (6/15)
 Temple: D:4-7

Altars:
Kikubaaqudgha
Vehumet
Yredelemnul

Shops:
D:2 [


Innate Abilities, Weirdness & Mutations

You have a pair of horns on your head.
You reflexively headbutt those who attack you in melee.


Message History

You headbutt the water moccasin, but do no damage.
The scorpion barely misses you. You furiously retaliate!
You headbutt the scorpion.
You feel very mighty all of a sudden.
You feel sick.
The water moccasin bites you but does no damage.
The scorpion stings you but does no damage.
You are too injured to fight recklessly!
You are too injured to fight recklessly!
You are too injured to fight recklessly!
You hit the water moccasin.
The water moccasin is severely wounded.
You feel sick. The water moccasin bites you.
You are more poisoned.
The water moccasin poisons you! The scorpion stings you.
The water moccasin closely misses you. You furiously retaliate!
You headbutt the water moccasin! You barely miss the water moccasin.
Your headbutt misses the water moccasin.
The water moccasin is almost dead.
* * * LOW HITPOINT WARNING * * *
You feel very sick. You block the scorpion's attack.
The water moccasin bites you but does no damage.
The scorpion stings you but does no damage.
You closely miss the water moccasin.
Your headbutt misses the water moccasin.
The water moccasin is almost dead.
* * * LOW HITPOINT WARNING * * *
You feel very sick. The water moccasin bites you.
* * * LOW HITPOINT WARNING * * *
The scorpion stings you but does no damage.
You block the water moccasin's attack.
It was a potion of haste.
You feel yourself speed up.
* * * LOW HITPOINT WARNING * * *
You feel sick. The scorpion stings you.
* * * LOW HITPOINT WARNING * * *
The water moccasin bites you.
You die...

..# #. ...# #.# # ....#.
...# #.# # ...#.####...#
#.# ## #...!......# #.# .
..........# #.# ##
#....#...# #.#.##.
..###....#...# #.#....
.......s.....# #.####.
..###.#.@#...######......
# ##.S...............
#.#.############.# #)#...
#.# ........ #..
##.##....)# ### #.#
.#.... ..# .#.#|# ... .#
#.#


You could see a water moccasin and a scorpion.

Vanquished Creatures
  A centaur (D:5)
  A scorpion (D:4)
  A bombardier beetle (D:4)
  Crazy Yiuf (D:2)
  Natasha (thrice) (D:2)
  Robin (D:2)
  3 gnolls (D:3)
  5 adders
  A white imp (D:6)
  4 dart slugs
  A ribbon worm (D:2)
  An orc (D:4)
  6 ball pythons
  4 endoplasms
  2 giant cockroaches
  8 hobgoblins
  3 kobolds
  4 quokkas
  5 bats (D:1)
  2 frilled lizards
  19 goblins
  7 rats
83 creatures vanquished.

Notes
Turn   | Place    | Note
-------+----------+-------------------------------------------
     0 | D:1      | Griffin23 the Minotaur Fighter began the quest for the Orb.
     0 | D:1      | Reached XP level 1. HP: 19/19 MP: 0/0
   180 | D:1      | Reached XP level 2. HP: 27/27 MP: 1/1
   689 | D:1      | Reached XP level 3. HP: 33/33 MP: 2/2
  1053 | D:2      | Noticed Robin
  1067 | D:2      | Killed Robin
  1116 | D:2      | Got Connyv's Vellum of the Stormy Discharge
  1258 | D:2      | Noticed Natasha
  1266 | D:2      | Killed Natasha
  1267 | D:2      | Reached XP level 4. HP: 36/41 MP: 3/3
  1412 | D:2      | Found a runed translucent door.
  1413 | D:2      | Noticed Crazy Yiuf
  1523 | D:2      | Noticed Natasha
  1528 | D:2      | Killed Natasha
  1613 | D:2      | Found Cucot's Antique Armour Boutique.
  1691 | D:2      | Noticed Natasha
  1700 | D:2      | Killed Natasha
  1701 | D:2      | Reached XP level 5. HP: 30/47 MP: 4/4
  1773 | D:2      | Killed Crazy Yiuf
  1939 | D:3      | Found a radiant altar of Vehumet.
  2150 | D:3      | Found an ancient bone altar of Kikubaaqudgha.
  2172 | D:3      | Found a basalt altar of Yredelemnul.
  2770 | D:4      | Reached skill level 5 in Long Blades
  2940 | D:4      | Identified the ring "Qeeleobb" {Fire Str+4 Slay-3 Stlth+}
  2997 | D:4      | Reached XP level 6. HP: 55/55 MP: 5/5
  3013 | D:4      | Reached skill level 5 in Fighting
  3013 | D:4      | Reached skill level 5 in Armour
  3013 | D:4      | Reached skill level 5 in Shields
  3882 | D:5      | Entered Level 5 of the Dungeon
  3946 | D:5      | Noticed a water moccasin
  3951 | D:6      | Noticed a sky beast
  3966 | D:5      | HP: 1/56 [scorpion (4)]
  3966 | D:5      | Slain by a water moccasin

Illustrated notes

Levels and vault maps discovered:
D:1:      eino_arrival_cavern_b, layout_basic
D:2:      minmay_door_path, layout_loops_cross, serial_shops, shop,
          grunt_decor_arrowhead, uniq_natasha, uniq_robin,
          uniq_crazy_yiuf_cottage
D:3:      kennysheep_the_goblin_king, layout_loops_ring,
          mainiacjoe_overflow_brackets, mainiacjoe_overflow_small_starburst,
          nicolae_vehumet_altar_sigil, kennysheep_generic_room_11
D:4:      layout_basic, portal_sewer_entry_d
D:5:      layout_basic
D:6:      layout_cave_pools, zin_statuary, minmay_temple_entry_glass,
          minmay_misc_feat_five, corexii_hall_statues_s

Skill      XL: |  1  2  3  4  5  6 |
---------------+-------------------+-----
Fighting       | 4 5 |  5.3
Shields        | 4 5 |  5.2
Armour         | 4 5 |  5.2
Long Blades    | 3 4 5 |  5.7

Action                     |  1- 3 |  4- 6 || total
---------------------------+-------+-------++-------
  Melee: Long sword        |    96 |   181 ||   277
         Headbutt          |    10 |    20 ||    30
    Use: Potion            |       |     2 ||     2
 Armour: Scale mail        |    59 |    28 ||    87
         Chain mail        |       |   182 ||   182
  Dodge: Dodged            |    45 |    79 ||   124
  Block: Buckler           |    18 |    56 ||    74

Table legend: (Time is in decaauts)
 A = Elapsed time spent in this place.
 B = Non-inter-level travel time spent in this place.
 C = Inter-level travel time spent in this place.
 D = Time resting spent in this place.
 E = Time spent auto-exploring this place.
 F = Levels seen in this place.
 G = Mean time per level.
                   A        B        C        D        E       F      G
               +--------+--------+--------+--------+--------+-----+--------+
         Total |   4051 |   3848 |    203 |    157 |   3050 |   6 |  675.2 |
       Dungeon |   4051 |   3848 |    203 |    157 |   3050 |   6 |  675.2 |
               +--------+--------+--------+--------+--------+-----+--------+

Top non-repeatable levels by time:
     D:4: 1209 daAuts
     D:2: 1050 daAuts
     D:3: 865 daAuts
     D:1: 839 daAuts
     D:5: 83 daAuts
     D:6: 2 daAuts
